 Dungeon Crawl Stone Soup version 0.27-a0-1322-gfdffb62a71 (webtiles) character file.

Game seed: 16207282580695284444

347 ipx the Firebug (level 6, -2/45 HPs)
             Began as a Draconian Fire Elementalist on June 23, 2021.
             Succumbed to a hornet's poison
             ... on level 6 of the Dungeon.
             The game lasted 00:18:51 (1573 turns).

ipx the Firebug (Draconian Fire Elementalist)       Turns: 1573, Time: 00:18:52

Health: -2/45      AC:  6    Str: 10    XL:     6   Next: 33%
Magic:  2/9        EV: 12    Int: 17    God:
Gold:   61         SH:  0    Dex: 12    Spells: 1/9 levels left

rFire    + . .     SeeInvis .   a - +2 dagger (elec)
rCold    + . .     Faith    .   (no shield)
rNeg     . . .     Spirit   .   (armour unavailable)
rPois    +         Reflect  .   (helmet restricted)
rElec    +         Harm     .   (no cloak)
rCorr    +         Rampage  .   (no gloves)
Will     .....                  (no boots)
Stlth    ++........             (no amulet)
HPRegen  0.15/turn              (no ring)
MPRegen  0.11/turn              (no ring)

@: lethally poisoned (-2 -> -10), resistant
A: AC +6, unfitting armour, cold-blooded
a: no special abilities


You were on level 6 of the Dungeon.
You visited 1 branch of the dungeon, and saw 6 of its levels.

You collected 61 gold pieces.

Inventory:

Hand Weapons
 a - a +2 dagger of electrocution (weapon)
 b - a +2 short sword of venom
Scrolls
 c - 2 scrolls of identify {unknown}
 e - a scroll of noise {unknown}
 g - 2 scrolls of teleportation {unknown}
Potions
 h - a potion of lignification {unknown}


   Skills:
 - Level 2.0 Short Blades
 - Level 1.7 Dodging
 - Level 1.7 Stealth
 - Level 2.0 Spellcasting
 + Level 4.7 Conjurations
 + Level 4.8 Fire Magic


You had one spell level left.
You knew the following spells:

 Your Spells              Type           Power      Damage    Failure   Level
f - Conjure Flame         Conj/Fire      17%        6-21      9%          3
t - Sticky Flame          Conj/Fire      17%        2d4       26%         4
z - Foxfire               Conj/Fire      68%        2x1d7     2%          1

Your spell library contained the following spells:

 Spells                   Type           Power      Damage    Failure   Level
 Inner Flame              Hex/Fire       9%         N/A       22%         3
 Fireball                 Conj/Fire      8%         3d6       58%         5
 Iskenderun's Battlesphe  Conj           17%        2d7       61%         5
 Bolt of Magma            Conj/Fire/Erth 6%         4d6       82%         5
 Iron Shot                Conj/Erth      4%         9d2       100%        6
 Orb of Destruction       Conj           8%         9d4       100%        7
 Spellforged Servitor     Conj/Summ      4%         N/A       100%        7


Dungeon Overview and Level Annotations

Branches:
Dungeon (6/15)
 Temple: D:4-7

Altars:


Innate Abilities, Weirdness & Mutations

Your plain brown scales are hard. (AC +6)
You cannot fit into any form of body armour.
You are cold-blooded and may be slowed by cold attacks.


Message History

You can move again.
You feel much better.
You feel sick.
The hornet stings you but does no damage.
The hornet barely misses you.
Casting: Foxfire (safe; 2% risk of failure)
Confirm with . or Enter, or press ? or * to list all spells.
You don't have enough magic to cast this spell.
You hit the hornet.
The hornet is heavily wounded.
You feel sick. The hornet closely misses you.
You hit the hornet but do no damage.
The hornet is heavily wounded.
You feel sick. The hornet stings you.
You feel yourself slow down. The hornet stings you!
* * * LOW HITPOINT WARNING * * *
You feel as though you will be slow longer.
You closely miss the hornet.
The hornet is heavily wounded.
You feel sick. The hornet stings you.
* * * LOW HITPOINT WARNING * * *
You suddenly lose the ability to move!
The hornet stings you.
* * * LOW HITPOINT WARNING * * *
You are lethally poisoned!
You feel as though you will be slow longer.
You can move again.
You closely miss the hornet.
The hornet is heavily wounded.
* * * LOW HITPOINT WARNING * * *
You feel very sick. The hornet barely misses you.
The hornet stings you but does no damage.
You barely miss the hornet.
The hornet is heavily wounded.
* * * LOW HITPOINT WARNING * * *
You feel very sick. The hornet closely misses you.
The hornet stings you but does no damage.
It was a potion of resistance.
You feel protected.
You feel yourself speed up.
You die...

# .#
########.#
#<...#...
###.##y#.##
#..@....#
####.#..#
.# # .# ##


You could see a hornet.

Vanquished Creatures
  An ogre (D:2)
  A phantom (D:5)
  A hound (D:4)
  An orc wizard (D:5)
  Natasha (D:2)
  Terence (D:2)
  2 adders
  An ufetubus (D:4)
  An adder skeleton (D:4)
  A worm (D:2)
  2 dart slugs (D:4)
  An orc (D:4)
  5 ball pythons
  2 bats
  3 endoplasms
  2 giant cockroaches (D:4)
  4 goblins
  4 hobgoblins
  8 jackals
  3 quokkas
  2 frilled lizards
  7 kobolds
  2 rats
56 creatures vanquished.

Vanquished Creatures (others)
  133 foxfires
133 creatures vanquished.

Grand Total: 189 creatures vanquished

Notes
Turn   | Place    | Note
-------+----------+-------------------------------------------
     0 | D:1      | ipx the Draconian Fire Elementalist began the quest for the
                  | Orb.
     0 | D:1      | Reached XP level 1. HP: 14/14 MP: 3/3
   211 | D:1      | Reached XP level 2. HP: 20/20 MP: 1/5
   400 | D:2      | Reached XP level 3. HP: 25/26 MP: 0/6
   426 | D:2      | Learned a level 3 spell: Conjure Flame
   440 | D:2      | Noticed an ogre
   530 | D:2      | Noticed Terence
   543 | D:2      | Killed Terence
   544 | D:2      | Reached skill level 1 in Short Blades
   812 | D:3      | Reached XP level 4. HP: 33/33 MP: 7/7
   939 | D:2      | Killed an ogre
   940 | D:2      | Reached XP level 5. HP: 38/38 MP: 0/8
   945 | D:2      | Learned a level 4 spell: Sticky Flame
   961 | D:2      | Noticed Natasha
   970 | D:2      | Killed Natasha
  1509 | D:5      | Entered Level 5 of the Dungeon
  1509 | D:5      | Noticed a phantom
  1530 | D:5      | Killed a phantom
  1531 | D:5      | Reached XP level 6. HP: 19/45 MP: 1/9
  1534 | D:5      | Noticed a steam dragon
  1561 | D:6      | Noticed a hornet
  1563 | D:6      | Paralysed by a hornet for 3 turns
  1570 | D:6      | Paralysed by a hornet for 1 turns
  1572 | D:6      | HP: 1/45 [poisoned by a hornet]
  1573 | D:6      | Succumbed to a hornet's poison

Illustrated notes

Levels and vault maps discovered:
D:1:      lightli_molten_gateway, layout_loops_corners,
          chequers_serial_rivers_small_b
D:2:      layout_basic, hellmonk_ecumenical_altar_defaced_shrine, uniq_terence,
          uniq_natasha
D:3:      layout_loops_corners, kennysheep_potato
D:4:      layout_loops_ring, bh_walls_and_bars
D:5:      layout_cave_pools
D:6:      minmay_klotski, layout_basic

Skill      XL: |  1  2  3  4  5 |
---------------+----------------+-----
Conjurations   | 2 3 4 |  4.7
Short Blades   | 1 2 |  2.0
Fire Magic     | 4 |  4.8
Dodging        | |  1.7
Stealth        | |  1.7
Spellcasting   | |  2.0

Action                   |  1- 3 |  4- 6 || total
-------------------------+-------+-------++-------
Melee: Unarmed           |     2 |       ||     2
       Dagger            |    29 |    36 ||    65
       Tailslap          |       |     2 ||     2
 Cast: Foxfire           |    34 |    46 ||    80
  Use: Potion            |     2 |     2 ||     4
 Stab: Sleeping          |       |     1 ||     1
Armor: Skin              |     9 |    11 ||    20
Dodge: Dodged            |     7 |    20 ||    27

Table legend: (Time is in decaauts)
 A = Elapsed time spent in this place.
 B = Non-inter-level travel time spent in this place.
 C = Inter-level travel time spent in this place.
 D = Time resting spent in this place.
 E = Time spent auto-exploring this place.
 F = Levels seen in this place.
 G = Mean time per level.
                   A        B        C        D        E       F      G
               +--------+--------+--------+--------+--------+-----+--------+
         Total |   1556 |   1556 |      0 |      0 |      0 |   6 |  259.3 |
       Dungeon |   1556 |   1556 |      0 |      0 |      0 |   6 |  259.3 |
               +--------+--------+--------+--------+--------+-----+--------+

Top non-repeatable levels by time:
     D:2: 451 daAuts
     D:4: 450 daAuts
     D:1: 434 daAuts
     D:3: 156 daAuts
     D:5: 47 daAuts
     D:6: 15 daAuts
